 Dungeon Crawl Stone Soup version 0.18.1-5-g4a78601 (webtiles) character file.

30 jacquesderrida the Poker (level 3, 25/27 HPs)
             Began as a Demonspawn Skald on May 14, 2016.
             Quit the game on level 1 of the Dungeon.
             The game lasted 00:01:05 (458 turns).

jacquesderrida the Poker (Demonspawn Skald)          Turns: 458, Time: 00:01:06

Health: 25/27      AC:  3    Str: 12    XL:     3   Next: 5%
Magic:  6/6        EV: 14    Int: 13    God:
Gold:   30         SH:  0    Dex: 13    Spells: 1 memorised, 5 levels left

rFire  . . .     SeeInvis .     a - +0 spear
rCold  . . .     Gourm    .     b - +0 leather armour
rNeg   . . .     Faith    .     (no shield)
rPois  .         Spirit   .     (no helmet)
rElec  .         Dismiss  .     (no cloak)
rCorr  .         Reflect  .     (no gloves)
SustAt .         Harm     .     (no boots)
MR     +....                    (no amulet)
Stlth  +.........               l - ring of protection from magic
                                e - +3 ring of evasion

@: somewhat resistant to hostile enchantments, very unstealthy
A: rot immunity
a: no special abilities


You were on level 1 of the Dungeon.
You were not hungry.

You visited 1 branch of the dungeon, and saw 1 of its levels.

You collected 30 gold pieces.

Inventory:

Hand Weapons
 a - a +0 spear (weapon)
Armour
 b - a +0 leather armour (worn)
Jewellery
 e - a +3 ring of evasion (left hand)
 l - a ring of protection from magic (right hand)
 m - an uncursed ring of ice
Scrolls
 g - 3 scrolls of teleportation {unknown}
 k - a scroll of remove curse {unknown}
 n - a scroll of enchant weapon {unknown}
Potions
 f - a potion of cure mutation {unknown}
 h - a potion of curing {unknown}
 i - a potion of magic {unknown}
 j - a potion of lignification {unknown}
Books
 c - a book of Battle

   Spells                             Type                      Level
   a - Infusion                       Charms                       1
   b - Shroud of Golubria             Charms/Translocation         2
   c - Song of Slaying                Charms                       2
   d - Spectral Weapon                Hexes/Charms                 3
   e - Regeneration                   Charms/Necromancy            3
Comestibles
 d - 2 bread rations


   Skills:
 - Level 2.0 Fighting
 + Level 3.2 Polearms
 - Level 0.8 Armour
 - Level 0.8 Dodging
 - Level 2.0 Spellcasting
 - Level 2.6 Charms


You had 5 spell levels left.
You knew the following spells:

 Your Spells              Type           Power        Failure   Level  Hunger
a - Infusion              Chrm           #...         12%         1    ##.....


Dungeon Overview and Level Annotations

Branches:
Dungeon (1/15)

Altars:


Innate Abilities, Weirdness & Mutations

You are immune to rotting.


Message History

The dart slug is lightly wounded.
You hit the dart slug.
The dart slug is heavily wounded.
The dart slug barely misses you.
You hit the dart slug.
The dart slug is severely wounded.
The dart slug barely misses you.
You hit the dart slug.
The dart slug is almost dead.
You barely miss the dart slug.
The dart slug is almost dead.
The dart slug launches a dart at you. The slug dart hits you!
You hit the dart slug.
You kill the dart slug!
You have reached level 3!
Your experience leads to an increase in your attributes!
Increase (S)trength, (I)ntelligence, or (D)exterity?
You feel agile.
Are you sure you want to abandon this character and quit the game? (Confirm with "yes".)

#.# ####≈##.†.# ### #.#
##..≈..###.###.# ######
#.##....≈........).. #?...#
#†#...≈≈≈....≈≈≈≈..# #....#
#.#.≈≈≈≈≈...≈.≈≈≈≈.. #....#
#.##.≈≈..≈≈≈≈≈.≈≈≈.. #....#
#.###....≈≈≈≈≈..≈≈≈≈ #....#
#...##..≈≈≈≈..<..≈≈≈
#....###..@.##.≈≈≈≈≈≈≈≈≈≈≈≈
#......#..†##...≈≈≈≈≈.≈≈≈≈≈
#......#.#..###.≈≈≈≈≈≈.≈≈..
####.....##.. ....≈.≈≈≈.≈..
#...#..##............##≈
##########.......##.....#######..
#........###...#.# .#####...# ###
#..............#.########...#####
#........##.............†........


There were no monsters in sight!

Vanquished Creatures
  An ooze (D:1)
  2 dart slugs (D:1)
  A giant cockroach (D:1)
  4 goblins (D:1)
  2 hobgoblins (D:1)
  2 kobolds (D:1)
  A ball python (D:1)
  5 bats (D:1)
  4 rats (D:1)
22 creatures vanquished.

Notes
Turn   | Place    | Note
--------------------------------------------------------------
     0 | D:1      | jacquesderrida the Demonspawn Skald began the quest for the Orb.
     0 | D:1      | Reached XP level 1. HP: 16/16 MP: 3/3
    23 | D:1      | Reached skill level 2 in Polearms
   143 | D:1      | Gained mutation: You are immune to rotting. [demonic ancestry]
   143 | D:1      | Reached XP level 2. HP: 22/22 MP: 5/5
   225 | D:1      | Reached skill level 3 in Polearms
   457 | D:1      | Reached XP level 3. HP: 25/27 MP: 6/6
   458 | D:1      | Quit the game

Skill      XL: |  1  2 |
---------------+-------+-----
Polearms       | 2 3 |  3.2
Fighting       | |  2.0
Armour         | |  0.8
Dodging        | |  0.8
Spellcasting   | |  2.0
Charms         | |  2.6

Action                   || total
-------------------------++-------
Melee: Spear             ||    94
 Stab: Sleeping          ||     1
Armor: Leather armour    ||    22
Dodge: Dodged            ||    68
